AoeStats
← schmeno

Arena

510026541Analyzed
4v4 RM · 4d ago on Sep 29, 2026· 66m 40s· 8 players
Game mode
Random Map
Map size
Large (8 player)
Population
200
Speed
Normal
Resources
Standard
Victory
Conquest
Starting age
Dark Age
Ending age
Imperial Age
RankedLock teamsTeams togetherTeam positionsShared explorationLock speedFull tech treeHidden civsTurbo modeCheats
Victory
Defeat
🇲🇽 Goths · Mexico
1138
+13
🇺🇸 Danes · United States
1106
+14
🇺🇸 Spanish · United States
1088
+15
🇺🇸 Italians · United States
1030
+18
🇺🇸 Khmer · United States
1152
-18
🇺🇸 Saxons · United States
1145
-18
🇺🇸 Italians · United States
1030
-13
🇺🇸 Varangians · United States
958
-11
Tired Cock
10:38 Feudal Age
12:24 Loom
14:57 Castle Age
13:12 Double-Bit Axe
13:58 Horse Collar
17:39 Bow Saw
20:55 Bloodlines
20:46 Husbandry
21:20 Scale Barding Armor
26:21 Wheelbarrow
26:26 Forging
30:04 Chain Barding Armor
30:21 Iron Casting
30:20 Heavy Plow
30:42 Hand Cart
33:07 Imperial Age
33:15 Imperial Age
33:40 Tusk Swords
34:03 Elite Battle Elephant
42:05 Plate Barding Armor
47:23 Heavy Scorpion
48:58 Ballistics
49:55 Double Crossbow
52:51 Chemistry
52:08 Siege Engineers
54:37 Light Cavalry
55:47 Hussar
Simon Nelson Cook
11:59 Feudal Age
15:41 Castle Age
13:55 Fletching
14:31 Double-Bit Axe
14:28 Horse Collar
14:40 Loom
15:33 Padded Archer Armor
16:57 Bow Saw
24:28 Wheelbarrow
24:49 Gold Mining
30:05 Imperial Age
28:32 Hand Cart
29:39 Thumb Ring
30:32 Bodkin Arrow
32:11 Chemistry
31:32 Ballistics
31:43 Conscription
32:44 Two-Man Saw
33:13 Leather Archer Armor
32:59 Bracer
32:33 Elite Genoese Crossbowman
46:05 Ring Archer Armor
56:54 Light Cavalry
57:45 Bloodlines
57:52 Forging
57:48 Scale Barding Armor
57:31 Hussar
Big League Chewie
12:06 Feudal Age
14:36 Wheelbarrow
13:55 Double-Bit Axe
17:24 Scale Barding Armor
17:31 Forging
21:01 Castle Age
20:23 Horse Collar
20:39 Gold Mining
24:18 Bloodlines
24:12 Husbandry
28:15 Bow Saw
28:34 Heavy Plow
29:36 Hand Cart
33:58 Vendel Legacy
36:02 Chain Barding Armor
36:18 Iron Casting
39:25 Imperial Age
40:42 Plate Barding Armor
41:08 Blast Furnace
39:43 Cavalier
41:32 Crop Rotation
43:25 Squires
43:11 Arson
43:30 Elite Varangian Guard
45:47 Scale Mail Armor
45:42 Fletching
45:31 Gothikon
52:49 Chain Mail Armor
54:02 Plate Mail Armor
60:50 Two-Man Saw
schmeno
10:20 Feudal Age
14:11 Castle Age
12:20 Double-Bit Axe
12:36 Horse Collar
15:14 Bow Saw
16:01 Loom
16:03 Town Watch
21:39 Gold Mining
22:34 Wheelbarrow
22:40 Stone Mining
29:14 Imperial Age
26:41 Fletching
26:48 Guard Tower
27:42 Hand Cart
28:18 Sanctity
28:32 Bodkin Arrow
29:08 Ballistics
30:07 Crossbowman
30:52 Thumb Ring
30:51 Bracer
32:26 Chemistry
32:19 Arbalester
34:14 Redemption
34:20 Block Printing
34:42 Padded Archer Armor
36:52 Keep
36:02 Arrowslits
36:24 Siege Engineers
37:07 Leather Archer Armor
39:03 Ring Archer Armor
39:24 Fortified Wall
39:25 Masonry
41:16 Murder Holes
41:52 Architecture
44:36 Forging
44:27 Scale Mail Armor
59:58 Capped Ram
SwedenBirdieSkaggs236
5:27 Loom
12:28 Feudal Age
13:23 Horse Collar
13:30 Double-Bit Axe
18:50 Castle Age
22:25 Wheelbarrow
22:06 Bow Saw
24:14 Gold Mining
26:09 Hand Cart
30:01 Imperial Age
29:06 Thumb Ring
29:26 Ballistics
29:18 Fortified Wall
29:05 Murder Holes
29:04 Fletching
29:17 Padded Archer Armor
30:52 Bodkin Arrow
31:13 Leather Archer Armor
32:06 Chemistry
32:09 Bracer
34:33 Ring Archer Armor
34:14 Forging
34:05 Scale Mail Armor
38:11 Conscription
37:12 Elite Genoese Crossbowman
38:32 Arson
38:47 Squires
39:29 Pikeman
40:48 Iron Casting
40:29 Chain Mail Armor
43:59 Two-Man Saw
43:00 Heavy Plow
42:52 Stone Mining
60:32 Plate Mail Armor
61:13 Blast Furnace
Delicious Tuna
10:55 Feudal Age
16:14 Castle Age
14:36 Double-Bit Axe
17:42 Loom
20:15 Town Watch
22:24 Horse Collar
24:12 Bow Saw
24:54 Fletching
25:12 Gold Mining
25:15 Stone Mining
28:33 Wheelbarrow
28:27 Thumb Ring
28:19 Bodkin Arrow
28:29 Padded Archer Armor
30:10 Bloodlines
30:00 Husbandry
31:27 Ballistics
33:43 Imperial Age
31:49 Scale Barding Armor
31:56 Forging
32:06 Leather Archer Armor
32:53 Chain Barding Armor
33:45 Hand Cart
34:02 Cavalier
34:45 Bracer
35:20 Heavy Plow
36:48 Chemistry
36:46 Plate Barding Armor
36:52 Iron Casting
38:57 Blast Furnace
38:05 Elite Skirmisher
40:51 Ring Archer Armor
39:44 Light Cavalry
41:27 Heavy Mounted Crossbowman
46:30 Scale Mail Armor
50:34 Squires
51:42 Chain Mail Armor
55:44 Pikeman
57:15 Plate Mail Armor
56:36 Halberdier
63:15 Arson
64:22 Hussar
MarCus111
0:26 Loom
10:48 Feudal Age
16:10 Castle Age
14:21 Double-Bit Axe
14:38 Horse Collar
15:03 Stone Mining
18:36 Bow Saw
19:51 Heavy Plow
25:08 Wheelbarrow
29:47 Imperial Age
28:13 Hand Cart
27:54 Gold Mining
28:40 Stone Shaft Mining
28:14 Scale Mail Armor
28:29 Forging
29:33 Chain Mail Armor
28:45 Hamask
29:31 Squires
29:22 Arson
29:00 Pikeman
29:43 Man-at-Arms
30:08 Gambesons
31:15 Plate Mail Armor
31:20 Iron Casting
30:33 Long Swordsman
30:38 Capped Ram
31:38 Murder Holes
32:04 Ballistics
32:34 Iron Casting
31:52 Fletching
32:26 Conscription
33:09 Gold Shaft Mining
32:52 Two-Handed Swordsman
33:45 Onager
35:16 Siege Engineers
36:12 Chemistry
35:23 Masonry
35:00 Champion
36:18 Halberdier
37:22 Siege Ram
40:06 Blast Furnace
39:02 Bodkin Arrow
39:07 Padded Archer Armor
40:16 Elite Jomsviking
41:51 Siege Onager
45:12 Northmen's Fury
49:21 Bracer
49:36 Leather Archer Armor
53:36 Elite Skirmisher
54:22 Thumb Ring
61:07 Caravan
61:41 Ring Archer Armor
65:06 Elite Varangian Guard
BerC
11:34 Feudal Age
15:23 Castle Age
13:16 Double-Bit Axe
13:21 Horse Collar
14:13 Loom
19:14 Bow Saw
19:08 Heavy Plow
20:03 Wheelbarrow
28:40 Imperial Age
27:24 Hand Cart
26:55 Town Watch
27:34 Pikeman
28:15 Squires
29:08 Forging
28:58 Scale Mail Armor
30:26 Two-Man Saw
30:49 Conscription
31:18 Iron Casting
30:58 Chain Mail Armor
31:17 Perfusion
32:03 Crop Rotation
31:48 Anarchy
34:11 Blast Furnace
33:23 Halberdier
36:56 Gold Mining
38:35 Stone Mining
39:37 Elite Huskarl
43:14 Chemistry
42:35 Ballistics
43:26 Fletching
43:37 Murder Holes
43:52 Masonry
45:37 Bodkin Arrow
45:39 Onager
49:01 Bracer
49:35 Architecture
Connection lost

Rejoining the realm…

Still unreachable

The connection could not be restored.

Session expired

The server has moved on; the page needs a fresh start.